 Dungeon Crawl Stone Soup version 0.25-a0-10-g2fe12d4386 (webtiles) character file.

Game seed: 6938224657722159763, levelgen mode: deterministic

67 MalarOregon the Conjurer (level 4, 0/36 HPs)
             Began as a Draconian Conjurer on Oct 15, 2019.
             Slain by an iguana (9 damage)
             ... on level 2 of the Dungeon.
             The game lasted 00:03:49 (2042 turns).

MalarOregon the Conjurer (Draconian Conjurer)       Turns: 2042, Time: 00:03:50

Health: 0/36       AC:  5    Str: 10    XL:     4   Next: 0%
Magic:  16/16      EV: 12    Int: 17    God:
Gold:   88         SH:  0    Dex: 11    Spells: 5/8 levels left

rFire    . . .     SeeInvis .   t - +0 dagger (speed)
rCold    . . .     Gourm    .   (no shield)
rNeg     . . .     Faith    .   (armour unavailable)
rPois    .         Spirit   .   (helmet restricted)
rElec    .         Reflect  .   (no cloak)
rCorr    +         Harm     .   (no gloves)
MR       .....                  (no boots)
Stlth    ++........             (no amulet)
HPRegen  0.12/turn              f - ring of magical power
MPRegen  0.15/turn              n - ring of resist corrosion

@: no status effects
A: unfitting armour, cold-blooded, AC +5
a: no special abilities


You were on level 2 of the Dungeon.
You were hungry.

You visited 1 branch of the dungeon, and saw 3 of its levels.

You collected 88 gold pieces.

Inventory:

Hand Weapons
 t - a +0 dagger of speed (weapon)
   (You found it on level 2 of the Dungeon)
Missiles
 m - 8 silver boomerangs (quivered)
Jewellery
 f - a ring of magical power (left hand)
   (You found it on level 1 of the Dungeon)
 n - a ring of resist corrosion (right hand)
   (You found it on level 1 of the Dungeon)
Scrolls
 b - a scroll of amnesia
 c - a scroll of noise {!r}
 l - a scroll of immolation {!r}
Potions
 g - a potion of flight
 p - a potion of agility {unknown}
 q - a potion of curing {unknown}
Comestibles
 e - 7 rations {!d}


   Skills:
 + Level 1.7 Fighting
 + Level 2.4 Dodging
 - Level 1.7 Stealth
 + Level 2.6 Spellcasting
 + Level 4.4 Conjurations


You had 5 spell levels left.
You knew the following spells:

 Your Spells              Type           Power        Failure   Level  Hunger
a - Magic Dart            Conj           ###.         3%          1    #......
b - Blink                 Tloc           N/A          28%         2    ##.....

Your spell library contained the following spells:

 Spells                   Type           Power        Failure   Level  Hunger
 Searing Ray              Conj           ###...       4%          2    ##.....
 Conjure Flame            Conj/Fire      #.......     22%         3    ###....
 Dazzling Spray           Conj/Hex       #.....       22%         3    ###....
 Call Imp                 Summ           #.......     28%         2    ##.....
 Slow                     Hex            #.......     28%         2    ##.....
 Iskenderun's Mystic Bla  Conj           ###.....     28%         4    #####..
 Mephitic Cloud           Conj/Pois/Air  #.......     30%         3    ###....
 Force Lance              Conj/Tloc      #.......     58%         4    #####..
 Fulminant Prism          Conj/Hex       #.........   58%         4    #####..


Dungeon Overview and Level Annotations

Branches:
Dungeon (3/15)

Altars:


Innate Abilities, Weirdness & Mutations

Your plain brown scales are hard. (AC +5)
You cannot fit into any form of body armour.
You are cold-blooded and may be slowed by cold attacks.


Message History

The iguana misses you. The giant cockroach closely misses you.
The iguana bites you.
You see here 3 stones.
The iguana misses you.
The giant cockroach bites you but does no damage.
Aim: an iguana (lightly wounded)
The magic dart hits the giant cockroach but does no damage.
The giant cockroach bites you.
* * * LOW HITPOINT WARNING * * *
Aim: an iguana (lightly wounded)
The magic dart hits the giant cockroach but does no damage.
The giant cockroach bites you but does no damage.
Aim: an iguana (lightly wounded)
The magic dart hits the giant cockroach.
You kill the giant cockroach!
You have reached level 4!
You feel clever.
Aim: an iguana (lightly wounded)
The magic dart hits the iguana but does no damage.
The iguana bites you!
* * * LOW HITPOINT WARNING * * *
You hit the iguana but do no damage. You tail-slap the iguana.
You closely miss the iguana. The iguana closely misses you.
You hit the iguana but do no damage. The iguana bites you.
* * * LOW HITPOINT WARNING * * *
You see here a jackal skeleton.
The iguana hisses menacingly.
There is an escape hatch in the ceiling here.
You are feeling hungry.
The iguana hisses menacingly.
All of the chunks of flesh in your inventory have rotted away.
Unknown command.
The iguana bites you but does no damage.
The iguana hisses menacingly.
Aim: an iguana The magic dart hits the iguana.
The iguana hisses menacingly.
The iguana bites you!
* * * LOW HITPOINT WARNING * * *
Aim: an iguana (lightly wounded)
The magic dart hits the iguana but does no damage.
The iguana barely misses you.
Aim: an iguana (lightly wounded)
The magic dart hits the iguana.
The iguana bites you.
* * * LOW HITPOINT WARNING * * *
The iguana bites you.
* * * LOW HITPOINT WARNING * * *
There is an escape hatch in the floor here.
The iguana bites you!
You die...

#..##.###.............##
#........(>............####
#....####..####............
##...# #..# #.#......###.
########..#####..####.#.....##
#.
.......................##).##
#.
########..######.####...#..#
#. ..........# #.####...#..#
#= .########.#
#@##........#####. .# #.#
#.l............... .# #.#
####.......####### .# #.#
#########...#.# .#
#.###....>........# .#
#.....########..#.# .# #######
##.#.# .# #.#.# .#############
#.#.#


You could see an iguana.

Vanquished Creatures
  An adder (D:2)
  An ooze (D:2)
  A worm (D:2)
  A leopard gecko (D:1)
  6 bats
  3 giant cockroaches
  9 hobgoblins
  3 jackals (D:2)
  A quokka (D:2)
  3 ball pythons
  6 frilled lizards
  4 goblins
  3 kobolds
  5 rats (D:1)
47 creatures vanquished.

Notes
Turn   | Place    | Note
-------+----------+-------------------------------------------
     0 | D:1      | MalarOregon the Draconian Conjurer began the quest for the
                  | Orb.
     0 | D:1      | Reached XP level 1. HP: 14/14 MP: 3/3
   211 | D:1      | Reached XP level 2. HP: 22/22 MP: 0/5
   444 | D:1      | Reached skill level 1 in Fighting
  1147 | D:2      | Reached XP level 3. HP: 28/28 MP: 6/6
  1345 | D:2      | Learned a level 2 spell: Blink
  1897 | D:2      | Reached XP level 4. HP: 18/36 MP: 7/7
  2042 | D:2      | Slain by an iguana

Levels and vault maps discovered:
D:1:      onia_arrival_handbag, layout_basic
D:2:      layout_loops_ring
D:3:      layout_rooms, overflow_temple_1_default, kiku_gazebo_garden_becter,
          first_ration, minmay_starry_boxes

Skill      XL: |  1  2 |
---------------+-------+-----
Dodging        | 2 |  2.4
Fighting       | 1 |  1.7
Stealth        | |  1.7
Spellcasting   | |  2.6
Conjurations   | |  4.4

Action                   |  1- 3 |  4- 6 || total
-------------------------+-------+-------++-------
Melee: Unarmed           |     7 |       ||     7
       Tailslap          |     6 |     1 ||     7
       Dagger            |    50 |     3 ||    53
 Cast: Magic Dart        |    91 |     5 ||    96
  Use: Scroll            |     9 |       ||     9
 Stab: Sleeping          |     2 |       ||     2
  Eat: Chunk             |     4 |       ||     4
Armor: Skin              |    19 |     1 ||    20
Dodge: Dodged            |    36 |     2 ||    38

Table legend:
 A = Non-vault XP
 B = Vault XP
 C = Vault XP percentage of total XP
 D = Non-vault monster count
 E = Vault monster count
 F = Vault count percentage of total count
                 A         B        C        D         E       F
            +---------+---------+-------+---------+---------+-------
      Total |      93 |       4 |   4.1 |      43 |       4 |   8.5
            +---------+---------+-------+---------+---------+-------
        D:1 |      36 |       4 |  10.0 |      21 |       4 |  16.0
        D:2 |      55 |       0 |   0.0 |      21 |       0 |   0.0
        D:3 |       2 |       0 |   0.0 |       1 |       0 |   0.0
            +---------+---------+-------+---------+---------+-------
